 Dungeon Crawl Stone Soup version 0.28.0-53-g5a82cb258f (webtiles) character file.

Game seed: 7801685188942679390

2 croobank the Sneak (level 1, -1/16 HPs)
             Began as an Octopode Delver on June 17, 2022.
             Slain by an orc
             ... wielding a +0 hand axe
              (7 damage)
             ... on level 4 of the Dungeon.
             The game lasted 00:00:47 (66 turns).

croobank the Sneak (Octopode Delver)                  Turns: 66, Time: 00:00:47

Health: -1/16      AC:  1    Str: 11    XL:     1   Next: 40%
Magic:  1/1        EV: 13    Int: 12    God:
Gold:   0          SH:  0    Dex: 13    Spells: 0/0 levels left

rFire   . . .      SeeInvis .   a - +0 hand axe
rCold   . . .      Faith    .   (no shield)
rNeg    . . .      Spirit   .   (helmet restricted)
rPois   .          Reflect  .   (no amulet)
rElec   .          Harm     .   (no ring)
rCorr   .          Rampage  .   (no ring)
Will    .....                   (no ring)
Stlth   ++++......              (no ring)
HPRegen 0.05/turn               (no ring)
MPRegen 0.07/turn               (no ring)
                                (no ring)
                                (no ring)

@: no status effects
A: almost no armour, amphibious, 8 rings, camouflage 1, gelatinous body 1,
(nimble swimmer 1), tentacles
a: no special abilities


You were on level 4 of the Dungeon.
You visited 1 branch of the dungeon, and saw 2 of its levels.

Inventory:

Hand Weapons
 a - a +0 hand axe (weapon)
Missiles
 g - 12 bolts
Wands
 f - a wand of digging (2)
Scrolls
 b - a scroll of fog
 d - a scroll of fear
 h - a scroll of torment {unknown}
Potions
 e - a potion of haste


   Skills:
 + Level 3.0 Fighting
 + Level 2.0 Axes
 + Level 2.0 Dodging
 + Level 6.6 Stealth


You couldn't memorise any spells.
You didn't know any spells.
Your spell library was empty.

Dungeon Overview and Level Annotations

Branches:
Dungeon (5/15)
 Temple: D:4-7

Altars:


Innate Abilities, Weirdness & Mutations

You cannot wear most types of armour.
You are amphibious.
You can wear up to eight rings at the same time.
Your skin changes colour to match your surroundings (Stealth+).
Your rubbery body absorbs attacks. (AC +1, EV +1)
((You are camouflaged when in or above water. (Stealth+)))
You have tentacles for arms and can constrict up to eight enemies at once.


Message History

You feel aware of your surroundings.
There is a stone staircase leading down here.
There is a stone staircase leading down here.
The hobgoblin hits you.
You slash the hobgoblin!
You kill the hobgoblin!
No target in view!
There is a stone staircase leading down here.
Aiming: Dig
Press: ? - help, Shift-Dir - straight line A rock wall.
The rock shatters into small pieces.
A goblin comes into view. It is wielding a +0 dagger.
The goblin shouts!
You hear a shout! x2
Found a viscous puce potion and a scroll labelled MYCUEW DEON.
Found a stone staircase leading up.
Found a stone staircase leading down.
An orc comes into view. It is wielding a +0 falchion.
The goblin closely misses you.
You closely miss the goblin. You grab the goblin. You constrict the goblin.
The goblin closely misses you.
You barely miss the goblin.
The goblin is moderately wounded.
You constrict the goblin. The goblin hits you with a +0 dagger.
An orc comes into view. It is wielding a +0 hand axe.
You hit the goblin.
You kill the goblin!
A scorpion comes into view.
You see here a +0 dagger.
The orc hits you with a +0 falchion!
Ouch! That really hurt!
You see here a viscous puce potion.
An orc and an orc wizard come into view.
The orc wizard is wielding a +1 dagger of draining.
Found a pair of gloves and 2 gold pieces.
The orc wizard shouts!
An orc comes into view.
It is wielding a +1 flail of protection.
The orc misses you. The orc barely misses you.
The orc hits you with a +0 hand axe!
You die...

#......# **,******
#......# *,,* *,,,
#.....># *,** ****
#......# **,* *
####.#### *,,* *
##.>.)..##***,** *
##....!...##,,,* *
#....o.o...#.#** ******
#.....@......#****,,,,,
#..........##.,,,,,****
#?.........#,,****** *
#............#* *
##...oos...###
#......o...#
#.......[$.#
#..........#
*,,,,,,,,,,*


You could see a scorpion (wandering), an orc wizard and 4 orcs.

Vanquished Creatures
  A goblin (D:4)
  A hobgoblin (D:4)
2 creatures vanquished.

Notes
Turn   | Place    | Note
-------+----------+-------------------------------------------
     0 | D:5      | croobank the Octopode Delver began the quest for the Orb.
     0 | D:5      | Reached XP level 1. HP: 16/16 MP: 1/1
    35 | D:4      | Noticed a scorpion
    63 | D:4      | Noticed a scorpion
    65 | D:4      | Noticed an orc wizard
    66 | D:4      | Slain by an orc

Illustrated notes

Levels and vault maps discovered:
D:4:      layout_rooms
D:5:      layout_loops_ring, mainiacjoe_overflow_cross_hatched, serial_shops,
          shop_statue, minmay_bent

Action                   || total
-------------------------++-------
Melee: Hand axe          ||     4
       Constrict         ||     1
Evoke: Wand              ||     1
  Use: Scroll            ||     1
Dodge: Dodged            ||     4
